 Dungeon Crawl Stone Soup version 0.30.1-3-gfc49f6343a (webtiles) character file.

Game seed: 11890960256599068229

377 safid the Chiller (level 6, 0/48 HPs)
             Began as a Merfolk Ice Elementalist on July 25, 2023.
             Slain by an iguana (9 damage)
             ... on level 4 of the Dungeon.
             The game lasted 00:04:14 (3074 turns).

safid the Chiller (Merfolk Ice Elementalist)        Turns: 3074, Time: 00:04:16

Health: 0/48       AC:  2    Str:  9    XL:     6   Next: 73%
Magic:  0/11       EV: 12    Int: 16    God:
Gold:   143        SH:  0    Dex: 14    Spells: 5/12 levels left

rFire   . . .        d - +0 whip
rCold   . . .        (no shield)
rNeg    + . .        a - +0 robe
rPois   .            (no helmet)
rElec   .            (no cloak)
rCorr   +            (no gloves)
SInv    .            (no boots)
Will    .....        (no amulet)
Stlth   ++           f - ring of positive energy
HPRegen 0.28/turn    i - ring of resist corrosion
MPRegen 0.12/turn

%: no passive effects
@: freezing walls, flying
A: (nimble swimmer 2), mertail
a: no special abilities


You were on level 4 of the Dungeon.
You visited 1 branch of the dungeon, and saw 4 of its levels.
You also visited: Sewer.

You collected 143 gold pieces.

Inventory:

Hand Weapons
 d - a +0 whip (weapon)
Armour
 a - a +0 robe (worn)
Jewellery
 f - a ring of positive energy (left hand)
 i - a ring of resist corrosion (right hand)
Wands
 t - a wand of flame (10)
 u - a wand of roots (11)
Scrolls
 c - 4 scrolls of teleportation {unknown}
 e - 2 scrolls of immolation {unknown}
 g - 3 scrolls of identify {unknown}
 h - 2 scrolls of vulnerability {unknown}
 m - 2 scrolls of enchant armour {unknown}
 v - a scroll of enchant weapon {unknown}
Potions
 b - a potion of magic
 j - 2 potions of lignification {unknown}
 k - a potion of berserk rage {unknown}
 l - 2 potions of flight
 n - 2 potions of curing {unknown}
 o - 2 potions of attraction {unknown}
 p - 2 potions of degeneration {unknown}
 q - a potion of heal wounds {unknown}
 r - a potion of haste {unknown}
 s - 2 potions of invisibility {unknown}


   Skills:
 + Level 3.9 Fighting
 - Level 2.6 Dodging
 - Level 2.1 Stealth
 + Level 3.9 Spellcasting
 + Level 6.1 Ice Magic


You had 5 spell levels left.
You knew the following spells:

 Your Spells              Type           Power      Damage    Failure   Level
a - Freeze                Ice            88%        1d9       1%          1
b - Frozen Ramparts       Ice            44%        1d7       4%          3
c - Ozocubu's Armour      Ice            22%        N/A       4%          3

Your spell library contained the following spells:

 Spells                   Type           Power      Damage    Failure   Level
 Summon Ice Beast         Ice/Summ       13%        N/A       43%         4


Dungeon Overview and Level Annotations

Branches:
Dungeon (4/15)              Sewer (visited)
 Temple: D:4-7

Altars:

Shops:
D:1 (


Innate Abilities, Weirdness & Mutations

((You are very nimble when in or above water. (Stealth+, EV+, Speed+++)))
Your lower body shifts to a powerful aquatic tail in water.


Message History

Your magical contamination has completely faded away.
Casting: Freeze (safe; 1% risk of failure)
Confirm with . or Enter, or press ? or * to list all spells.
Aiming: Freeze (safe; 1% risk of failure)
Press: ? - help, Shift-Dir - straight line, f - scorpion
Aim: a scorpion (almost dead)
You freeze the scorpion!
You kill the scorpion!
You feel sick. The jackal closely misses you.
The wall freezes the jackal.
The jackal barely misses you.
You hit the jackal but do no damage.
The jackal is almost dead.
The frozen ramparts melt away.
You feel sick. The jackal closely misses you. The jackal misses you.
The jackal bites you.
* * * LOW HITPOINT WARNING * * *
The jackal closely misses you.
Casting: Freeze (safe; 1% risk of failure)
Confirm with . or Enter, or press ? or * to list all spells.
Casting: Frozen Ramparts (dangerous; 4% risk of failure)
Press: ? - help, Dir - look around, f - activate The walls around you are covered in ice.
You feel sick.
The wall freezes the jackal.
You kill the jackal!
The jackal misses you.
Unknown command.
You hit the jackal but do no damage.
You feel sick. The jackal closely misses you.
The jackal bites you but does no damage.
Unknown command.
You barely miss the jackal.
You feel sick. The jackal bites you.
* * * LOW HITPOINT WARNING * * *
Unknown command.
It was a potion of flight.
You feel very buoyant.
You fly up into the air.
You feel sick.
You are no longer poisoned.
The jackal misses you.
The wall freezes the iguana but does no damage.
The iguana bites you!
You die...

#..
####......#
... #####..#
#..# #..# #..
#..# #####
#..# #....#
#..#
......##..#
......†#..#
#....@l.#
#####.h......
.........
...#####...
...## ## ..##
..# ...


You could see an iguana and a jackal.

Vanquished Creatures
  A scorpion (D:4)
  A hound (D:4)
  A jelly (D:4)
  Natasha (thrice) (D:3)
  A hell rat (Sewer)
  6 river rats (Sewer)
  4 adders
  An ufetubus (D:4)
  3 worms (D:3)
  3 orcs
  A bat (D:1)
  2 endoplasms
  4 giant cockroaches
  3 goblins
  3 hobgoblins
  3 jackals (D:4)
  8 kobolds
  2 quokkas
  2 ball pythons
  5 frilled lizards
  10 rats
67 creatures vanquished.

Notes
Turn   | Place    | Note
-------+----------+-------------------------------------------
     0 | D:1      | safid the Merfolk Ice Elementalist began the quest for the
                  | Orb.
     0 | D:1      | Reached XP level 1. HP: 13/13 MP: 3/3
   187 | D:1      | Found Leutimut's Weapon Emporium.
   217 | D:1      | Reached XP level 2. HP: 20/20 MP: 3/5
   221 | D:1      | Reached skill level 1 in Fighting
   920 | D:2      | Reached XP level 3. HP: 22/26 MP: 2/6
  1084 | D:2      | Found a faded altar of an unknown god.
  1523 | D:3      | Found a glowing drain.
  1526 | D:3      | You fall into a shaft and drop 1 floor!
  1704 | D:3      | Noticed Natasha
  1715 | Sewer    | Entered a sewer
  1724 | Sewer    | Reached skill level 5 in Ice Magic
  1724 | Sewer    | Reached XP level 4. HP: 13/33 MP: 3/8
  1737 | Sewer    | Learned a level 3 spell: Frozen Ramparts
  1741 | Sewer    | Learned a level 3 spell: Ozocubu's Armour
  2087 | Sewer    | Reached XP level 5. HP: 23/39 MP: 2/9
  2287 | D:3      | Killed Natasha
  2293 | D:3      | Noticed Natasha
  2301 | D:3      | Killed Natasha
  2509 | D:3      | Noticed Natasha
  2520 | D:3      | Killed Natasha
  2521 | D:3      | Reached XP level 6. HP: 28/47 MP: 7/11
  3068 | D:4      | Reached skill level 6 in Ice Magic
  3074 | D:4      | Slain by an iguana

Illustrated notes

Levels and vault maps discovered:
D:1:      lightli_arrival_noodles, layout_basic, serial_shops,
          nicolae_shop_tiny_waterfront
D:2:      layout_rooms, ebering_ecumenical_altar_sacrificial
D:3:      layout_rooms, cheibrodos_sewer_entry_drain, uniq_natasha
D:4:      layout_cave_pods

Skill      XL: |  1  2  3  4  5  6 |
---------------+-------------------+-----
Fighting       | 1 2 3 |  3.9
Ice Magic      | 5 6 |  6.1
Spellcasting   | 3 |  3.9
Dodging        | |  2.6
Stealth        | |  2.1

Action                     |  1- 3 |  4- 6 || total
---------------------------+-------+-------++-------
  Melee: Whip              |    41 |    40 ||    81
         Unarmed           |     1 |       ||     1
         Tailslap          |       |     1 ||     1
   Cast: Freeze            |    33 |    57 ||    90
         Frozen Ramparts   |       |     4 ||     4
         Ozocubu's Armour  |       |     2 ||     2
    Use: Potion            |       |     1 ||     1
   Stab: Sleeping          |     3 |     1 ||     4
 Armour: Robe              |    14 |    14 ||    28
  Dodge: Dodged            |    42 |    64 ||   106
